 Dungeon Crawl Stone Soup version 0.22-a0-467-g5c5de1c (webtiles) character file.

1807 iamserjio the Insei (level 9, -5/59 HPs)
             Began as an Octopode Monk on June 10, 2018.
             Was an Elder of Elyvilon.
             Slain by an orc wizard
             ... wielding a +1 morningstar of draining
              (11 damage)
             ... on level 7 of the Dungeon.
             The game lasted 00:23:47 (10472 turns).

iamserjio the Insei (Octopode Monk)                Turns: 10472, Time: 00:23:48

Health: -5/59      AC:  1    Str: 12    XL:     9   Next: 9%
Magic:  12/12      EV: 12    Int: 13    God:    Elyvilon [****..]
Gold:   402        SH: 11    Dex: 15    Spells: 8/8 levels left

rFire    . . .     SeeInvis .     - Unarmed
rCold    + . .     Gourm    .   p - +2 shield (curse)
rNeg     . . .     Faith    .   (helmet restricted)
rPois    .         Spirit   .   (no amulet)
rElec    .         Reflect  .   m - ring of protection from cold
rCorr    .         Harm     .   (no ring)
MR       .....                  (no ring)
Stlth    ++++......             (no ring)
HPRegen  0.19/turn              (no ring)
MPRegen  0.13/turn              (no ring)
                                (no ring)
                                (no ring)

@: drained
A: almost no armour, stealthy swim, amphibious, 8 rings, constrict 8, camouflage
1, gelatinous body 1
a: Lesser Healing, Heal Other, Purification, Greater Healing, Divine Protection,
Renounce Religion


You were on level 7 of the Dungeon.
You worshipped Elyvilon.
Elyvilon was greatly pleased with you.
You were hungry.

You visited 2 branches of the dungeon, and saw 8 of its levels.
You also visited: Ossuary.

You collected 402 gold pieces.

Inventory:

Hand Weapons
 c - a +0 hunting sling
Missiles
 l - 157 stones (quivered)
 B - 53 sling bullets
 C - 20 poisoned needles
Armour
 p - a cursed +2 shield (worn)
Jewellery
 m - a ring of protection from cold (left tentacle)
Wands
 r - a wand of random effects (35)
 s - a wand of digging (19)
 y - a wand of flame (23)
Scrolls
 b - 4 scrolls of teleportation
 e - a scroll of fear {unknown}
 f - 5 scrolls of remove curse
 g - a scroll of random uselessness {unknown}
 h - 2 scrolls of immolation {unknown}
 i - a scroll of magic mapping {unknown}
 k - 2 scrolls of enchant weapon
 o - 3 scrolls of fog {unknown}
 q - 2 scrolls of holy word {unknown}
 v - 2 scrolls of noise {unknown}
Potions
 d - a potion of invisibility
 j - 2 potions of haste
 n - a potion of magic {unknown}
 t - 3 potions of berserk rage
 u - a potion of might {unknown}
 w - 2 potions of flight {unknown}
 x - 3 potions of degeneration
 z - 3 potions of curing {unknown}
 A - 2 potions of lignification {unknown}
Comestibles
 a - 8 rations


   Skills:
 + Level 4.7(4.2) Fighting
 - Level 4.0(3.5) Dodging
 - Level 7.0(6.4) Stealth
 + Level 4.2(3.7) Shields
 * Level 7.8(7.2) Unarmed Combat
 + Level 4.2(3.7) Invocations


You had 8 spell levels left.
You didn't know any spells.
Your spell library contained the following spells:

 Spells                   Type           Power        Failure   Level  Hunger
 Fireball                 Conj/Fire      #.........   100%        5    ######.
 Conjure Flame            Conj/Fire      #.......     98%         3    ####...
 Throw Flame              Conj/Fire      #.....       89%         2    ###....
 Sticky Flame             Conj/Fire      #.......     100%        4    #####..
 Regeneration             Chrm/Necr      #.........   98%         3    ####...
 Flame Tongue             Conj/Fire      #....        78%         1    ##.....
 Shroud of Golubria       Chrm/Tloc      #.........   89%         2    ###....
 Inner Flame              Hex/Fire       #.......     98%         3    ####...
 Infusion                 Chrm           #...         78%         1    ##.....
 Song of Slaying          Chrm           #.......     89%         2    ###....
 Spectral Weapon          Hex/Chrm       #.......     98%         3    ####...


Dungeon Overview and Level Annotations

Branches:
Dungeon (7/15)             Temple (1/1) D:4

Altars:
Cheibriados
Dithmenos
Elyvilon
Fedhas
Gozag
Hepliaklqana
Kikubaaqudgha
Makhleb
Nemelex Xobeh
Okawaru
Ru
Sif Muna
Uskayaw
Vehumet
Wu Jian
Xom
Yredelemnul
The Shining One

Annotations:
D:2 exclusion: door
D:3 emperorscorpion's ghost, amateur DrTm


Innate Abilities, Weirdness & Mutations

You cannot wear most types of armour.
You are very stealthy in the water. (Stealth+)
You are amphibious.
You can wear up to eight rings at the same time.
You can use your tentacles to constrict eight enemies at once.
Your skin changes colour to match your surroundings (Stealth+).
Your rubbery body absorbs attacks. (AC +1, EV +1)


Message History

You destroy the wight!
You closely miss the wight. Your grab misses the wight.
You squeeze the wight, but do no damage.
The orc closely misses you.
The wight hits you with a great sword of freezing!!
You feel drained. The wight freezes you.
You tentacle-slap the wight. You grab the wight.
The wight is lightly damaged.
You constrict the wight, but do no damage.
The orc hits you from afar with a trident.
You tentacle-slap the wight but do no damage.
The wight is lightly damaged.
You constrict the wight, but do no damage.
The wight hits you with a great sword of freezing!
* * * LOW HITPOINT WARNING * * *
The wight freezes you.
* * * LOW HITPOINT WARNING * * *
You release your grip on the wight.
The orc wizard hits you with a morningstar of draining!
You die...

####[##.######
#....<..#....#
#.##.)#.#.##.### ####
#.##.)..#.#....### ....
#.##...##.#.#....#####....
#.##...).>................
#.##.#.#.........#####)...
#......#..##.....# ....
########.@.......# ####
........oz##....#
########s.##....# ##
#..####### . #..# #.#o.#
#.#o.# #....# ###.##


You could see a wight, an orc wizard, 2 orcs and a giant cockroach.

Vanquished Creatures
  Duvessa (D:5)
  2 ice beasts
  2 phantoms
  A centaur (D:7)
  A bullfrog (D:3)
  Dowan (D:5)
  2 scorpions
  2 wights (D:7)
  A howler monkey (D:3)
  3 crimson imps
  3 orc priests
  2 hounds
  2 jellies (D:5)
  A bullfrog skeleton (D:4)
  An iguana (D:7)
  5 worker ants
  An orc wizard (D:5)
  A hound zombie (D:5)
  15 mummies
  A gnoll (D:1)
  A howler monkey skeleton (D:5)
  6 adders
  2 shadow imps
  4 worms
  A dart slug (D:1)
  3 leopard geckos
  19 orcs
  3 ball pythons
  11 bats
  10 giant cockroaches
  8 goblins
  6 hobgoblins
  4 jackals (D:2)
  3 quokkas
  2 frilled lizards
  3 gnoll skeletons (Ossuary)
  A goblin skeleton (Ossuary)
  A goblin zombie (D:5)
  4 kobolds
  A kobold skeleton (Ossuary)
  A kobold zombie (D:5)
  A leopard gecko skeleton (D:5)
  3 orc skeletons (Ossuary)
  8 rats
  11 rat skeletons (Ossuary)
165 creatures vanquished.

Vanquished Creatures (others)
  4 toadstools (D:1)
4 creatures vanquished.

Grand Total: 169 creatures vanquished

Notes
Turn   | Place    | Note
-------+----------+-------------------------------------------
     0 | D:1      | iamserjio the Octopode Monk began the quest for the Orb.
     0 | D:1      | Reached XP level 1. HP: 16/16 MP: 1/1
   126 | D:1      | Reached XP level 2. HP: 6/21 MP: 2/2
   427 | D:1      | Reached XP level 3. HP: 15/26 MP: 3/3
  1186 | D:2      | Noticed a scorpion
  1799 | D:2      | Reached XP level 4. HP: 14/31 MP: 4/4
  2520 | D:3      | Noticed emperorscorpion's ghost (amateur DrTm)
  3088 | D:3      | Found a hide-covered altar of Uskayaw.
  3162 | D:3      | Found a shadowy altar of Dithmenos.
  3359 | D:3      | Found a white marble altar of Elyvilon.
  3370 | D:3      | Noticed a bullfrog
  3375 | D:3      | Killed a bullfrog
  3375 | D:3      | Reached skill level 1 in Shields
  3375 | D:3      | Reached XP level 5. HP: 12/36 MP: 5/5
  4018 | D:4      | Found a staircase to the Ecumenical Temple.
  4114 | Temple   | Entered the Ecumenical Temple
  4487 | D:4      | Found an opulent altar of Gozag.
  4556 | D:4      | Reached XP level 6. HP: 36/42 MP: 6/6
  4711 | D:3      | Became a worshipper of Elyvilon the Healer
  4711 | D:3      | Reached * piety under Elyvilon
  4711 | D:3      | Reached ** piety under Elyvilon
  4927 | D:4      | Reached skill level 5 in Unarmed Combat
  5165 | D:2      | Reached skill level 5 in Stealth
  5592 | D:5      | Entered Level 5 of the Dungeon
  5592 | D:5      | Noticed Duvessa
  5592 | D:5      | Noticed Dowan
  5858 | D:5      | Found a sand-covered staircase.
  5868 | Ossuary  | Entered an ossuary
  6201 | Ossuary  | Reached skill level 1 in Invocations
  6235 | Ossuary  | Reached XP level 7. HP: 46/46 MP: 7/7
  7167 | D:5      | Killed Duvessa
  7178 | D:5      | Killed Dowan
  7621 | D:5      | Reached *** piety under Elyvilon
  7721 | D:5      | Reached XP level 8. HP: 44/53 MP: 9/9
  8931 | D:6      | Found an ornate altar of the Wu Jian Council.
  9421 | D:6      | Reached **** piety under Elyvilon
 10224 | D:7      | Reached XP level 9. HP: 46/59 MP: 10/12
 10472 | D:7      | Slain by an orc wizard

Vault maps used:
D:1:      ldierk_walled_garden_2
D:2:      minmay_wonky_spiral, chequers_temple_overflow_minitemple
D:3:      nicolae_overflow_hidden_temple, eat_drink_and_be_merry_uskayaw,
          first_ration, kennysheep_nub, grunt_dithmenos_smoke_and_mirrors
D:4:      temple_doors_cd, nicolae_gozag_seed_capital
D:5:      nicolae_ossuary_entry_giza, uniq_duvessa
D:6:      marbit_many_paths, minmay_misc_feat_diagonals, grunt_ministairs_13,
          st_stairs_4, hex_large
D:7:      grunt_livestock, kennysheep_generic_room_5
Temple:   regret_index_temple_generic_petals
Ossuary:  ossuary_due_small_catacomb

Skill      XL: |  1  2  3  4  5  6  7  8 |
---------------+-------------------------+-----
Stealth        | 3 4 5 6 7 |  7.0
Unarmed Combat | 4 5 6 7 |  7.8
Shields        | 1 2 4 |  4.2
Dodging        | 4 |  4.0
Invocations    | 1 2 4 |  4.2
Fighting       | 4 |  4.7

Action                   |  1- 3 |  4- 6 |  7- 9 || total
-------------------------+-------+-------+-------++-------
Melee: Unarmed           |    69 |   141 |   248 ||   458
       Constrict         |    17 |    37 |    54 ||   108
       Tentacles         |    11 |    28 |    74 ||   113
       Punch             |       |     2 |    11 ||    13
Throw: Stone             |       |       |    10 ||    10
Invok: Lesser Healing    |       |       |     2 ||     2
  Use: Scroll            |       |     8 |     3 ||    11
 Stab: Sleeping          |    15 |    17 |    23 ||    55
       Distracted        |     1 |     2 |       ||     3
  Eat: Chunk             |     2 |    10 |     7 ||    19
       Ration            |       |     1 |     2 ||     3
Armor: Skin              |     3 |     4 |     3 ||    10
Dodge: Dodged            |    51 |    53 |    83 ||   187
Block: Shield            |       |    28 |    65 ||    93

Table legend:
 A = Spawn XP
 B = Non-spawn XP
 C = Spawn XP percentage of total XP
 D = Spawn monster count
 E = Non-spawn monster count
 F = Spawn count percentage of total count
 G = Total turns spent on level
                    A         B        C        D         E        F      G
               +---------+---------+-------+---------+---------+-------+---------
         Total |       0 |    2582 |   0.0 |       0 |     165 |   0.0 | 10472
               +---------+---------+-------+---------+---------+-------+---------
           D:1 |       0 |      42 |   0.0 |       0 |      17 |   0.0 |  1237
           D:2 |       0 |     113 |   0.0 |       0 |      21 |   0.0 |  1639
           D:3 |       0 |     195 |   0.0 |       0 |      26 |   0.0 |  1418
           D:4 |       0 |     192 |   0.0 |       0 |      11 |   0.0 |  1350
           D:5 |       0 |     601 |   0.0 |       0 |      27 |   0.0 |  1466
           D:6 |       0 |     597 |   0.0 |       0 |      19 |   0.0 |  1360
           D:7 |       0 |     571 |   0.0 |       0 |      11 |   0.0 |   656
       Ossuary |       0 |     271 |   0.0 |       0 |      33 |   0.0 |  1155
               +---------+---------+-------+---------+---------+-------+---------
